 Dungeon Crawl Stone Soup version 0.29.1-15-g9cfb28693d (webtiles) character file.

Game seed: 3275131737672219222

251 StoopidFlanders the Thrower (level 6, 0/37 (47) HPs)
             Began as a Gnoll Wanderer on Apr 2, 2023.
             Slain by a scorpion (2 damage)
             ... on level 3 of the Dungeon.
             The game lasted 00:04:01 (2024 turns).

StoopidFlanders the Thrower (Gnoll Wanderer)        Turns: 2024, Time: 00:04:02

HP:   0/37 (47)     AC:  5    Str:  9    XL:     6   Next: 13%
MP:   8/8           EV: 15    Int:  7    God:
Gold: 133           SH:  5    Dex: 20    Spells: 8/8 levels left

rFire   . . .      SeeInvis .   k - +1 dagger (venom)
rCold   . . .      Faith    .   l - +0 buckler
rNeg    . . .      Spirit   .   f - +0 leather armour
rPois   .          Reflect  .   (no helmet)
rElec   .          Harm     .   d - +0 cloak
rCorr   .          Rampage  .   (no gloves)
Will    .....                   e - +0 pair of boots
Stlth   +++.......              (no amulet)
HPRegen 0.12/turn               m - +4 ring of evasion
MPRegen 0.11/turn               (no ring)

@: about to teleport, heavily drained
A: fangs 1, strong nose, distributed training
a: no special abilities


You were on level 3 of the Dungeon.
You visited 1 branch of the dungeon, and saw 3 of its levels.

You collected 133 gold pieces.

Inventory:

Hand Weapons
 k - a +1 dagger of venom (weapon)
Missiles
 b - 3 curare-tipped darts (quivered)
Armour
 d - a +0 cloak (worn)
 e - a +0 pair of boots (worn)
 f - a +0 leather armour (worn)
 l - a +0 buckler (worn)
Jewellery
 m - a +4 ring of evasion (left hand)
Scrolls
 c - a scroll of fear {unknown}
 g - a scroll of immolation {unknown}
 h - 2 scrolls of identify
 i - a scroll of teleportation
Potions
 a - a potion of curing {unknown}
 j - a potion of lignification {unknown}


   Skills:
 + Level 3.2 Fighting
 + Level 4.9 Short Blades
 + Level 1.9 Long Blades
 + Level 1.9 Axes
 + Level 1.9 Maces & Flails
 + Level 1.9 Polearms
 + Level 1.9 Staves
 + Level 1.9 Ranged Weapons
 + Level 8.7 Throwing
 + Level 1.9 Armour
 + Level 1.9 Dodging
 + Level 6.2 Stealth
 + Level 1.9 Shields
 + Level 1.9 Unarmed Combat
 + Level 1.9 Spellcasting
 + Level 1.5 Conjurations
 + Level 1.5 Hexes
 + Level 1.5 Summonings
 + Level 1.5 Necromancy
 + Level 1.5 Translocations
 + Level 1.5 Transmutations
 + Level 1.5 Fire Magic
 + Level 1.5 Ice Magic
 + Level 1.5 Air Magic
 + Level 1.5 Earth Magic
 + Level 1.5 Poison Magic
 + Level 2.1 Invocations
 + Level 1.9 Evocations


You had 8 spell levels left.
You didn't know any spells.
Your spell library contained the following spells:

 Spells                   Type           Power      Damage    Failure   Level
 Fireball                 Conj/Fire      1%         3d3       100%        5
 Starburst                Conj/Fire      1%         6d3       100%        6
 Ignition                 Fire           1%         3d3       100%        8


Dungeon Overview and Level Annotations

Branches:
Dungeon (3/15)

Altars:

Shops:
D:2 (

Annotations:
D:3 Terence


Innate Abilities, Weirdness & Mutations

You have very sharp teeth.
Your uncanny sense of smell can sniff out nearby items.
Your experience applies equally to all skills.


Message History

Terence is nearby!
Terence is nearby!
Terence shouts!
A scorpion comes into view.
Terence closely misses you.
A dart slug comes into view.
You hit Terence but do no damage.
Terence is poisoned.
Terence closely misses you.
A hobgoblin comes into view.
You barely miss Terence.
Terence is lightly wounded.
Terence hits you with the +7 Throatcutter {drain, coup de grace}!
You feel drained.
You hit Terence.
Terence looks even sicker.
Terence is moderately wounded.
Terence attacks as you move away!
Terence hits you with the +7 Throatcutter {drain, coup de grace}!
You feel drained. Terence attacks as you move away!
Terence hits you with the +7 Throatcutter {drain, coup de grace}.
You feel drained. Terence screams, "I want your blood!"
Okay, then.
Okay, then.
As you read the scroll labelled ZIROAPSEUBB, it crumbles to dust.
It is a scroll of identify.
i - 2 scrolls of teleportation Terence hits you with the +7 Throatcutter {drain, coup de grace}.
* * * LOW HITPOINT WARNING * * *
You feel drained.
* * * LOW HITPOINT WARNING * * *
The scorpion stings you but does no damage.
As you read the scroll of teleportation, it crumbles to dust.
You feel strangely unstable.
Terence hits you with the +7 Throatcutter {drain, coup de grace}.
* * * LOW HITPOINT WARNING * * *
You feel drained.
* * * LOW HITPOINT WARNING * * *
The scorpion attacks as you move away! The scorpion stings you.
You die...

#.....#
####.....#####
#............#
#.##.....###.#
#.##.....# #.#
#.####.### #.#
#####.####.# #.# #.#
#>.........#####.#
#.#
#.....s@.........#
#.#
#.###.@########..#
#.# # #.g# #..# #.#
#..########..# #.#
#......w.....#####.#
##.#####............
........##..#####..
#..###### #..# #..
#..# #..#####..


You could see Terence (very poisoned), a scorpion and a hobgoblin.

Vanquished Creatures
  Sigmund (D:2)
  5 adders
  2 worms
  A dart slug (D:2)
  2 endoplasms (D:2)
  3 goblins
  6 hobgoblins
  2 quokkas
  6 ball pythons
  2 bats
  A frilled lizard (D:2)
  4 kobolds
  6 rats
41 creatures vanquished.

Vanquished Creatures (others)
  2 plants (D:3)
2 creatures vanquished.

Grand Total: 43 creatures vanquished

Notes
Turn   | Place    | Note
-------+----------+-------------------------------------------
     0 | D:1      | StoopidFlanders the Gnoll Wanderer began the quest for the
                  | Orb.
     0 | D:1      | StoopidFlanders set off with the following items: a +2
                  | dagger, 3 curare-tipped darts, a +0 short sword, a +0
                  | cloak, a potion of heal wounds, a +0 leather armour.
     0 | D:1      | Reached XP level 1. HP: 17/17 MP: 1/1
   186 | D:1      | Reached XP level 2. HP: 23/23 MP: 2/2
   242 | D:1      | Noticed a great orb of eyes
   244 | D:1      | Found a faded altar of an unknown god.
   252 | D:1      | Noticed an eye of devastation
   252 | D:1      | Noticed a great orb of eyes
   252 | D:1      | Noticed a shining eye
   727 | D:2      | Reached XP level 3. HP: 28/28 MP: 3/3
   935 | D:2      | Reached skill level 1 in Invocations
  1053 | D:2      | Noticed Sigmund
  1067 | D:2      | HP: 1/28 [something (5)]
  1094 | D:2      | Reached skill level 1 in Long Blades
  1094 | D:2      | Reached skill level 1 in Axes
  1094 | D:2      | Reached skill level 1 in Maces & Flails
  1094 | D:2      | Reached skill level 1 in Polearms
  1094 | D:2      | Reached skill level 1 in Staves
  1094 | D:2      | Reached skill level 1 in Ranged Weapons
  1094 | D:2      | Reached skill level 1 in Armour
  1094 | D:2      | Reached skill level 1 in Dodging
  1094 | D:2      | Reached skill level 1 in Shields
  1094 | D:2      | Reached skill level 1 in Unarmed Combat
  1094 | D:2      | Reached skill level 1 in Spellcasting
  1094 | D:2      | Reached skill level 1 in Evocations
  1106 | D:2      | Killed Sigmund
  1107 | D:2      | Reached skill level 1 in Conjurations
  1107 | D:2      | Reached skill level 1 in Hexes
  1107 | D:2      | Reached skill level 1 in Summonings
  1107 | D:2      | Reached skill level 1 in Necromancy
  1107 | D:2      | Reached skill level 1 in Translocations
  1107 | D:2      | Reached skill level 1 in Transmutations
  1107 | D:2      | Reached skill level 1 in Fire Magic
  1107 | D:2      | Reached skill level 1 in Ice Magic
  1107 | D:2      | Reached skill level 1 in Air Magic
  1107 | D:2      | Reached skill level 1 in Earth Magic
  1107 | D:2      | Reached skill level 1 in Poison Magic
  1107 | D:2      | Reached XP level 4. HP: 14/35 MP: 4/6
  1107 | D:2      | Reached XP level 5. HP: 16/41 MP: 4/7
  1587 | D:2      | Found Amegrun's Antique Weapon Boutique.
  1644 | D:2      | Reached XP level 6. HP: 47/47 MP: 8/8
  1895 | D:3      | Identified the +7 flail "Bumiffah" {flame, rElec Str+4
                  | SInv}
  2009 | D:3      | Noticed Terence
  2024 | D:3      | Slain by a scorpion

Illustrated notes

Levels and vault maps discovered:
D:1:      roderic_crossed_star, layout_loops_ring,
          hellmonk_ecumenical_altar_watching_god
D:2:      layout_rooms, serial_shops, nicolae_shop_behind_doors,
          minmay_misc_feat_nine_boxes, uniq_sigmund
D:3:      corexii_shack_village, layout_loops_ring, uniq_terence, uniq_natasha

Skill      XL: |  1  2  3 |
---------------+----------+-----
Stealth        | 6 |  6.2
Invocations    | 2 |  2.1
Long Blades    | 1 |  1.9
Axes           | 1 |  1.9
Maces & Flails | 1 |  1.9
Polearms       | 1 |  1.9
Staves         | 1 |  1.9
Ranged Weapons | 1 |  1.9
Armour         | 1 |  1.9
Dodging        | 1 |  1.9
Shields        | 1 |  1.9
Unarmed Combat | 1 |  1.9
Spellcasting   | 1 |  1.9
Evocations     | 1 |  1.9
Fighting       | 3 |  3.2
Conjurations   | 1 |  1.5
Hexes          | 1 |  1.5
Summonings     | 1 |  1.5
Necromancy     | 1 |  1.5
Translocations | 1 |  1.5
Transmutations | 1 |  1.5
Fire Magic     | 1 |  1.5
Ice Magic      | 1 |  1.5
Air Magic      | 1 |  1.5
Earth Magic    | 1 |  1.5
Poison Magic   | 1 |  1.5
Short Blades   | |  4.9
Throwing       | |  8.7

Action                   |  1- 3 |  4- 6 || total
-------------------------+-------+-------++-------
Melee: Dagger            |    71 |    30 ||   101
       Bite              |     4 |     4 ||     8
  Use: Potion            |     2 |       ||     2
       Scroll            |       |     2 ||     2
 Stab: Sleeping          |     9 |     6 ||    15
Armor: Leather armour    |    23 |     3 ||    26
Dodge: Dodged            |    37 |    12 ||    49
Block: Buckler           |       |     1 ||     1
